General information
- name: 4 player ffa
- type: Custom game
- host: ANIL_DIKSHlT
- saver: ANIL_DIKSHlT
map: TwistedMeadows
- players: 4
- length: 68:09
- speed: Fast
- version: 1.24 W3XP
- replay type: Public
» download(304 KB)
Players
team 1 (winner)
ANIL_DIKSHlT (
red | 60 APM | 4092 actions | 68:09)
4 Archmage
2 Blizzard
2 Brilliance Aura
3 Blood Mage
2 Flame Strike
1 Banish
» actions
| Assign group hotkey | 75 | |
| Basic commands | 113 | |
| Build / train | 184 | |
| ESC pressed | 16 | |
| Enter build submenu | 101 | |
| Enter hero's abilities submenu | 7 | |
| Give item / drop item | 2 | |
| Remove unit from queue | 2 | |
| Right click | 1793 | |
| Select / deselect | 833 | |
| Select group hotkey | 524 | |
| Use ability | 441 | |
4092 total
» units
| Peasant | 24 | |
| Forest Troll Berserker | 1 | |
| Priest | 11 | |
| Dragonhawk Rider | 26 | |
| Gryphon Rider | 1 | |
| Goblin Zeppelin | 3 | |
| Goblin Shredder | 1 | |
| Sorceress | 1 | |
68 total
» upgrades
| Masonry | 3 | |
| Magic Sentry | 1 | |
| Priest Training | 2 | |
| Swords | 4 | |
| Armor | 3 | |
| Lumber Harvesting | 1 | |
| Sorceress Training | 1 | |
| Cloud | 1 | |
16 total
» buildings
| Altar of Kings | 2 | |
| Farm | 10 | |
| Lumber Mill | 2 | |
| Scout Tower | 85 | |
| Arcane Tower | 6 | |
| Arcane Vault | 2 | |
| Guard Tower | 47 | |
| Keep | 2 | |
| Gryphon Aviary | 2 | |
| Arcane Sanctum | 1 | |
| Castle | 2 | |
| Town Hall | 4 | |
| Blacksmith | 1 | |
166 total
» build order
00:02 Altar of Kings
00:03 Farm
00:42 Lumber Mill
00:47 Farm
00:59 Scout Tower
01:01 Scout Tower
01:32 Arcane Tower
02:22 Scout Tower
02:22 Scout Tower
02:36 Arcane Tower
02:45 Arcane Vault
02:53 Guard Tower
02:54 Guard Tower
03:40 Scout Tower
03:41 Scout Tower
03:49 Farm
04:58 Guard Tower
05:58 Scout Tower
05:59 Scout Tower
06:00 Scout Tower
06:06 Farm
06:29 Keep
06:33 Guard Tower
07:38 Guard Tower
07:39 Arcane Tower
07:43 Farm
08:06 Scout Tower
08:11 Scout Tower
08:15 Scout Tower
08:48 Arcane Tower
08:49 Guard Tower
08:49 Guard Tower
08:54 Scout Tower
08:56 Scout Tower
08:58 Scout Tower
09:23 Gryphon Aviary
09:31 Guard Tower
09:45 Arcane Sanctum
10:20 Castle
11:48 Guard Tower
12:41 Guard Tower
13:45 Farm
13:56 Guard Tower
14:23 Town Hall
15:03 Guard Tower
15:07 Guard Tower
15:09 Arcane Tower
15:15 Farm
16:41 Scout Tower
17:38 Guard Tower
18:44 Scout Tower
19:11 Scout Tower
19:12 Scout Tower
19:15 Scout Tower
20:28 Guard Tower
20:45 Guard Tower
21:06 Scout Tower
21:40 Town Hall
21:42 Guard Tower
22:39 Blacksmith
22:43 Scout Tower
22:46 Scout Tower
22:48 Scout Tower
22:49 Scout Tower
22:52 Scout Tower
22:53 Scout Tower
22:55 Scout Tower
22:56 Scout Tower
22:59 Scout Tower
23:01 Scout Tower
23:17 Guard Tower
23:58 Guard Tower
25:03 Guard Tower
25:06 Guard Tower
25:18 Guard Tower
25:21 Guard Tower
25:21 Guard Tower
26:06 Lumber Mill
26:27 Scout Tower
26:28 Scout Tower
26:31 Guard Tower
27:22 Town Hall
27:30 Scout Tower
27:32 Scout Tower
27:36 Scout Tower
27:38 Scout Tower
27:40 Scout Tower
27:53 Guard Tower
28:14 Scout Tower
28:15 Scout Tower
28:17 Scout Tower
28:19 Scout Tower
28:21 Scout Tower
28:22 Scout Tower
28:23 Scout Tower
28:24 Scout Tower
28:28 Scout Tower
28:29 Scout Tower
28:59 Guard Tower
29:52 Guard Tower
30:56 Guard Tower
31:54 Guard Tower
31:57 Guard Tower
33:38 Scout Tower
34:05 Guard Tower
35:11 Town Hall
36:09 Altar of Kings
36:12 Keep
36:35 Scout Tower
36:37 Scout Tower
36:38 Scout Tower
36:39 Scout Tower
36:42 Scout Tower
36:44 Scout Tower
36:45 Scout Tower
36:48 Scout Tower
37:18 Gryphon Aviary
37:21 Arcane Vault
38:10 Guard Tower
38:11 Guard Tower
38:14 Guard Tower
39:10 Castle
39:17 Scout Tower
41:16 Guard Tower
41:48 Guard Tower
41:50 Scout Tower
41:51 Scout Tower
41:51 Scout Tower
41:53 Scout Tower
41:55 Scout Tower
41:57 Scout Tower
42:27 Guard Tower
42:46 Scout Tower
42:47 Scout Tower
42:48 Scout Tower
42:59 Guard Tower
43:50 Farm
43:50 Farm
43:51 Farm
44:08 Guard Tower
44:10 Scout Tower
44:10 Scout Tower
45:06 Guard Tower
45:07 Guard Tower
45:15 Scout Tower
45:16 Scout Tower
45:19 Scout Tower
45:23 Scout Tower
45:26 Scout Tower
46:05 Guard Tower
51:36 Scout Tower
51:37 Scout Tower
51:38 Scout Tower
51:41 Scout Tower
51:44 Scout Tower
52:06 Scout Tower
52:08 Scout Tower
52:12 Scout Tower
52:14 Scout Tower
52:15 Scout Tower
52:23 Scout Tower
52:32 Guard Tower
52:34 Guard Tower
54:08 Arcane Tower
56:07 Guard Tower
» items
| Scroll of Regeneration | 2 | |
| Mechanical Critter | 1 | |
| Ivory Tower | 23 | |
| Lesser Clarity Potion | 2 | |
| Staff of Sanctuary | 1 | |
| Scroll of Town Portal | 1 | |
| Potion of Healing | 1 | |
31 total
team 2 (loser)
Sifter (
blue | 39 APM | 2169 actions | 56:05)
5 Blademaster
2 Wind Walk
3 Critical Strike
3 Naga Sea Witch
1 Forked Lightning
2 Frost Arrows
2 Pandaren Brewmaster
1 Breath of Fire
1 Drunken Brawler
» actions
| Assign group hotkey | 19 | |
| Basic commands | 21 | |
| Build / train | 99 | |
| Enter build submenu | 47 | |
| Enter hero's abilities submenu | 10 | |
| Give item / drop item | 1 | |
| Remove unit from queue | 1 | |
| Right click | 1052 | |
| Select / deselect | 758 | |
| Select group hotkey | 36 | |
| Use ability | 124 | |
2169 total
» units
| Peon | 28 | |
| Grunt | 13 | |
| Forest Troll Shadow Priest | 1 | |
| Forest Troll Berserker | 1 | |
| Goblin Zeppelin | 3 | |
| Troll Batrider | 10 | |
| Wind Rider | 5 | |
| Tauren | 2 | |
| Raider | 4 | |
67 total
» upgrades
| Berserker Strength | 1 | |
| Melee Weapons | 2 | |
| Armor | 2 | |
| Ranged Weapons | 2 | |
| Envenomed Spears | 1 | |
| Reinforced Defenses | 1 | |
| Spiked Barricades | 1 | |
| Pillage | 1 | |
| Liquid Fire | 1 | |
| Ensnare | 1 | |
13 total
» buildings
| Altar of Storms | 2 | |
| Orc Burrow | 10 | |
| Barracks | 2 | |
| War Mill | 2 | |
| Stronghold | 1 | |
| Watch Tower | 12 | |
| Voodoo Lounge | 3 | |
| Beastiary | 2 | |
| Fortress | 1 | |
| Great Hall | 2 | |
| Tauren Totem | 1 | |
38 total
» build order
00:03 Altar of Storms
00:07 Orc Burrow
01:11 Barracks
01:34 Orc Burrow
02:11 War Mill
03:12 Stronghold
03:45 Watch Tower
03:49 Orc Burrow
04:25 Watch Tower
04:36 Voodoo Lounge
06:16 Beastiary
07:35 Orc Burrow
08:52 Orc Burrow
10:34 Fortress
14:46 Watch Tower
15:34 Great Hall
16:53 Orc Burrow
18:01 Watch Tower
18:53 Watch Tower
19:36 Watch Tower
19:57 Tauren Totem
20:18 Watch Tower
22:00 Watch Tower
23:14 War Mill
23:50 Voodoo Lounge
25:05 Watch Tower
25:24 Watch Tower
26:49 Watch Tower
36:29 Great Hall
38:26 Altar of Storms
41:10 Voodoo Lounge
41:30 Orc Burrow
42:12 Watch Tower
42:15 Beastiary
44:27 Orc Burrow
44:54 Orc Burrow
46:30 Barracks
53:24 Orc Burrow
» items
| Healing Salve | 2 | |
| Orb of Lightning | 1 | |
3 total
team 3 (loser)
iKRUMPswaggUP (
teal | 70 APM | 1767 actions | 25:13)
4 Demon Hunter
2 Mana Burn
2 Evasion
3 Keeper of the Grove
2 Entangling Roots
1 Force of Nature
» actions
| Assign group hotkey | 34 | |
| Basic commands | 9 | |
| Build / train | 83 | |
| ESC pressed | 1 | |
| Enter build submenu | 20 | |
| Enter hero's abilities submenu | 7 | |
| Give item / drop item | 3 | |
| Remove unit from queue | 2 | |
| Right click | 711 | |
| Select / deselect | 500 | |
| Select group hotkey | 315 | |
| Use ability | 82 | |
1767 total
» units
| Wisp | 27 | |
| Archer | 18 | |
| Druid of the Talon | 16 | |
61 total
» upgrades
| Druid of the Talon Training | 2 | |
2 total
» buildings
| Altar of Elders | 1 | |
| Moon Well | 7 | |
| Ancient of War | 4 | |
| Tree of Ages | 1 | |
| Ancient of Wind | 2 | |
| Tree of Eternity | 1 | |
| Tree of Life | 3 | |
| Ancient of Wonders | 1 | |
| Chimaera Roost | 1 | |
21 total
» build order
00:09 Altar of Elders
00:19 Moon Well
01:31 Ancient of War
01:31 Ancient of War
01:36 Ancient of War
01:57 Moon Well
02:40 Moon Well
03:19 Tree of Ages
05:52 Moon Well
06:24 Ancient of Wind
06:35 Ancient of Wind
06:55 Tree of Eternity
09:44 Moon Well
10:36 Moon Well
10:51 Tree of Life
11:44 Ancient of Wonders
15:28 Chimaera Roost
16:38 Tree of Life
17:26 Moon Well
19:54 Ancient of War
20:05 Tree of Life
» items
| Orb of Venom | 1 | |
| Boots of Speed | 1 | |
| Potion of Lesser Invulnerability | 1 | |
| Scroll of Healing | 1 | |
| Scroll of Town Portal | 2 | |
| Staff of Preservation | 1 | |
7 total
team 4 (loser)
push[it. (
purple | 101 APM | 6874 actions | 67:52)
8 Demon Hunter
3 Mana Burn
3 Evasion
1 Metamorphosis
1 Immolation
8 Priestess of the Moon
3 Trueshot Aura
3 Searing Arrows
1 Starfall
1 Scout
6 Naga Sea Witch
2 Frost Arrows
3 Forked Lightning
1 Tornado
» actions
| Assign group hotkey | 156 | |
| Basic commands | 780 | |
| Build / train | 217 | |
| Enter build submenu | 70 | |
| Enter hero's abilities submenu | 22 | |
| Give item / drop item | 9 | |
| Remove unit from queue | 9 | |
| Right click | 3532 | |
| Select / deselect | 1394 | |
| Select group hotkey | 378 | |
| Use ability | 307 | |
6874 total
» units
| Wisp | 60 | |
| Huntress | 4 | |
| Dryad | 4 | |
| Druid of the Talon | 2 | |
| Hippogryph | 34 | |
| Chimaera | 12 | |
| Goblin Zeppelin | 7 | |
| Goblin Sapper | 5 | |
| Glaive Thrower | 3 | |
131 total
» upgrades
| Ultravision | 1 | |
| Strength of the Wild | 3 | |
| Abolish Magic | 1 | |
| Druid of the Talon Training | 2 | |
| Reinforced Hides | 3 | |
| Backpack | 1 | |
| Corrosive Breath | 1 | |
| Hardened Skin | 1 | |
| Resistant Skin | 1 | |
| Well Spring | 1 | |
| Nature's Blessing | 1 | |
| Strength of the Moon | 3 | |
| Moon Armor | 2 | |
| Improved Bows | 1 | |
| Marksmanship | 1 | |
| Sentinel | 1 | |
| Upgrade Moon Glaive | 1 | |
| Vorpal Blades | 1 | |
| Druid of the Claw Training | 1 | |
| Mark of the Talon | 1 | |
| Hippogryph Taming | 1 | |
29 total
» buildings
| Altar of Elders | 1 | |
| Moon Well | 8 | |
| Hunter's Hall | 1 | |
| Ancient of War | 2 | |
| Tree of Ages | 3 | |
| Tree of Eternity | 1 | |
| Ancient of Wind | 3 | |
| Ancient of Lore | 1 | |
| Ancient Protector | 28 | |
| Tree of Life | 8 | |
| Ancient of Wonders | 1 | |
| Chimaera Roost | 2 | |
59 total
» build order
00:03 Altar of Elders
00:22 Moon Well
01:35 Hunter's Hall
01:59 Ancient of War
02:19 Moon Well
02:43 Ancient of War
04:02 Moon Well
04:54 Moon Well
05:32 Tree of Ages
05:32 Tree of Ages
07:58 Tree of Eternity
08:01 Ancient of Wind
08:06 Ancient of Lore
08:10 Moon Well
08:40 Ancient Protector
10:13 Moon Well
11:12 Moon Well
12:11 Tree of Life
12:14 Tree of Life
13:00 Ancient of Wonders
13:55 Chimaera Roost
13:58 Chimaera Roost
16:37 Moon Well
17:13 Ancient Protector
17:14 Ancient Protector
17:27 Ancient Protector
18:03 Tree of Life
18:13 Ancient Protector
27:00 Ancient Protector
32:43 Tree of Life
45:40 Tree of Life
45:49 Tree of Life
45:51 Ancient Protector
45:52 Ancient Protector
47:46 Ancient Protector
47:47 Ancient Protector
47:49 Ancient Protector
47:51 Ancient Protector
47:55 Ancient Protector
48:18 Ancient Protector
48:21 Ancient Protector
49:52 Ancient Protector
49:54 Ancient Protector
49:56 Ancient Protector
50:22 Ancient Protector
50:23 Ancient Protector
50:23 Ancient Protector
59:28 Ancient Protector
59:29 Ancient Protector
59:30 Ancient Protector
59:32 Ancient Protector
59:34 Ancient Protector
60:26 Ancient Protector
60:27 Ancient Protector
62:57 Ancient of Wind
62:59 Ancient of Wind
64:35 Tree of Life
65:03 Tree of Life
» items
| Boots of Speed | 2 | |
| Staff of Teleportation | 1 | |
| Dust of Appearance | 2 | |
| Staff of Preservation | 2 | |
| Scroll of Town Portal | 1 | |
| Scroll of Protection | 2 | |
| Scroll of Healing | 2 | |
| Potion of Lesser Invulnerability | 2 | |
| Circlet of Nobility | 2 | |
| Moonstone | 1 | |
| Orb of Venom | 1 | |
18 total
Chat log
(00:08 / All) push[it.: gl
(00:09 / All) Sifter: plan?
(00:12 / All) ANIL_DIKSHlT: glhf
(00:13 / All) iKRUMPswaggUP: gg
(00:49 / All) Sifter: plz nobody get a keeper of the grove
(00:52 / All) Sifter: they're so annoying
(00:54 / All) push[it.: too late
(01:04 / All) Sifter: no way is your altar done
(01:05 / All) iKRUMPswaggUP: lol
(01:05 / All) iKRUMPswaggUP: how
(01:07 / All) iKRUMPswaggUP: to late?
(01:16 / All) push[it.: warpten
(01:22 / All) Sifter: don't turn that on
(01:24 / All) Sifter: too late
(01:45 / All) Sifter: get out
(01:49 / All) Sifter: yeah
(01:51 / All) iKRUMPswaggUP: i got a blinker
(01:52 / All) Sifter: you'd better
(03:26 / All) Sifter: ouch
(03:27 / All) Sifter: -1
(03:39 / All) Sifter: -11
(07:01 / All) push[it.: lets all tech to t2
(07:01 / All) push[it.: for air
(07:03 / All) push[it.: k go
(07:09 / All) Sifter: wait
(07:12 / All) Sifter: orc air sux
(07:17 / All) push[it.: hm
(07:19 / All) push[it.: its not terrible
(10:24 / All) iKRUMPswaggUP: can some one sa hack?
(10:38 / All) Sifter: ..what?
(13:33 / All) push[it.: lmfao red
(13:35 / All) ANIL_DIKSHlT: what happened to the no keeper rule :(
(13:35 / All) push[it.: you playin td?
(13:48 / All) Sifter: it was vetoes
(13:52 / All) Sifter: vetoed I mean
(13:57 / All) ANIL_DIKSHlT: :(
(16:06 / All) push[it.: lol
(16:07 / All) push[it.: play td
(16:08 / All) push[it.: red
(16:09 / All) push[it.: do uit
(20:49 / All) push[it.: lol what
(20:56 / All) Sifter: ?
(21:04 / All) push[it.: what happened to u bein good
(23:23 / All) iKRUMPswaggUP: gg
(23:25 / All) push[it.: gg
(24:51 / All) push[it.: lol
(24:54 / All) push[it.: expoin islands now
(24:57 / All) push[it.: thats funny
(26:36 / All) push[it.: gg blue
(31:08 / All) Sifter: NOOOOOOOOOOOOOO
(31:24 / All) Sifter: darn.
(31:27 / All) push[it.: gg
(33:51 / All) push[it.: here i come red
(33:51 / All) push[it.: :D
(33:53 / All) ANIL_DIKSHlT: hi
(33:59 / All) push[it.: u lost btw bro
(34:03 / All) ANIL_DIKSHlT: aww darn
(34:40 / All) Sifter: kill each other plz
(34:42 / All) ANIL_DIKSHlT: you know those dont load right
(35:02 / All) push[it.: blue wth r u here for
(35:18 / All) ANIL_DIKSHlT: apparently he refuses to admit your greatness
(35:20 / All) ANIL_DIKSHlT: can ya believe it
(35:27 / All) ANIL_DIKSHlT: i mean, you made more units then him
(35:29 / All) ANIL_DIKSHlT: and he didnt leave
(35:30 / All) ANIL_DIKSHlT: :\
(36:17 / All) ANIL_DIKSHlT: oh noes
(36:31 / All) push[it.: gg
(40:11 / All) push[it.: wow red
(40:12 / All) push[it.: cmon man
(40:13 / All) push[it.: gtfo
(40:18 / All) ANIL_DIKSHlT: ?
(40:24 / All) push[it.: towr masser
(40:28 / All) ANIL_DIKSHlT: ?
(41:36 / All) push[it.: cmon blue wtf
(41:39 / All) push[it.: ur supposed to leave
(41:41 / All) ANIL_DIKSHlT: lol
(41:42 / All) Sifter: no
(42:12 / All) push[it.: hit me
(42:14 / All) push[it.: and ill come killu
(42:16 / All) push[it.: right now
(42:20 / All) Sifter: sorry
(42:24 / All) ANIL_DIKSHlT: whom are you addressing sir
(42:40 / All) Sifter: liar
(42:58 / All) Sifter: NOOO
(44:14 / All) Sifter: stop
(44:16 / All) Sifter: purple
(47:26 / All) push[it.: leave please
(47:28 / All) ANIL_DIKSHlT: y
(47:36 / All) ANIL_DIKSHlT: hi
(47:39 / All) push[it.: not u
(47:41 / All) push[it.: keep masing towers
(47:43 / All) ANIL_DIKSHlT: yay i can stay
(47:44 / All) ANIL_DIKSHlT: :D
(48:58 / All) push[it.: lol
(49:04 / All) push[it.: run ruyn run
(49:07 / All) ANIL_DIKSHlT: what is this cloud thing i hear of
(49:39 / All) Sifter: seriously?
(49:40 / All) ANIL_DIKSHlT: sry
(49:43 / All) ANIL_DIKSHlT: lol attack move
(49:49 / All) Sifter: you're good
(49:53 / All) ANIL_DIKSHlT: :D
(49:53 / All) Sifter: purp is being a jerk
(50:06 / All) push[it.: reds boring
(50:07 / All) push[it.: just masses
(50:11 / All) push[it.: dragons
(50:14 / All) push[it.: like a nub
(50:17 / All) push[it.: dont forget towers
(50:18 / All) push[it.: them too
(50:19 / All) ANIL_DIKSHlT: sry i dont mass pro chims
(50:27 / All) push[it.: im noty
(50:40 / All) push[it.: my hroes out level the shit out of yours
(50:46 / All) ANIL_DIKSHlT: oh then gg i lose xD
(50:52 / All) push[it.: pretty much
(51:37 / All) push[it.: Damnt blue
(51:41 / All) push[it.: no more reproducing
(51:51 / All) ANIL_DIKSHlT: that is the standard rule for battle.net
(52:00 / All) ANIL_DIKSHlT: no one who logs on is capable of reproduction
(52:14 / All) push[it.: that def makes sense
(52:29 / All) ANIL_DIKSHlT: unless its asexual
(53:42 / All) Sifter: help me take him out red
(53:50 / All) ANIL_DIKSHlT: too soon
(54:11 / All) push[it.: Wwo red
(55:32 / All) ANIL_DIKSHlT: aw 1 hit
(55:36 / All) push[it.: make more towers red
(55:37 / All) push[it.: really
(55:38 / All) ANIL_DIKSHlT: and that zeppo was down
(55:41 / All) ANIL_DIKSHlT: o ok
(56:17 / All) push[it.: i have every expo
(56:19 / All) push[it.: except that one
(56:20 / All) push[it.: u lose
(61:59 / All) ANIL_DIKSHlT: spare lumber pls
(62:02 / All) push[it.: ima
(62:04 / All) push[it.: peace now
(62:08 / All) ANIL_DIKSHlT: ff?
(62:09 / All) push[it.: dont feel like playin td
(62:19 / All) ANIL_DIKSHlT: but i cant win
(62:21 / All) ANIL_DIKSHlT: it wouldnt be right
(62:28 / All) push[it.: u already lost
(62:31 / All) push[it.: your army is towers
(62:33 / All) ANIL_DIKSHlT: so
(62:41 / All) push[it.: so why should i stay
(62:50 / All) ANIL_DIKSHlT: because im still in it :D
(63:05 / All) push[it.: i have 15k lum
(63:15 / All) ANIL_DIKSHlT: cool
(63:20 / All) ANIL_DIKSHlT: share pls
(65:28 / All) push[it.: empty zep kill
(65:29 / All) push[it.: gj
(65:36 / All) ANIL_DIKSHlT: like breaking an easter egg
(65:42 / All) ANIL_DIKSHlT: you never know what youll find :D
(67:45 / All) push[it.: wow wtf
(67:48 / All) push[it.: fuck this dude
(67:51 / All) push[it.: your fucking boring as hel
(67:52 / All) ANIL_DIKSHlT: ff?